 Dungeon Crawl Stone Soup version 0.25-a0-413-g3b4b6a4ccc (webtiles) character file.

Game seed: 2548080064267821915, levelgen mode: deterministic

63028 Napalmbreeze the Thaumaturge (level 14, -2/115 HPs)
             Began as a Mummy Conjurer on Jan 15, 2020.
             Was the Champion of Kikubaaqudgha.
             Slain by a sixfirhy (12 damage)
             ... summoned by an orc sorcerer
             ... on level 2 of the Orcish Mines on Jan 16, 2020.
             The game lasted 01:49:50 (27636 turns).

Napalmbreeze the Thaumaturge (Mummy Conjurer)      Turns: 27636, Time: 01:49:54

Health: -2/115     AC:  9    Str: 11    XL:     14   Next: 66%
Magic:  9/32       EV: 14    Int: 20    God:    Kikubaaqudgha [******]
Gold:   2409       SH:  0    Dex: 12    Spells: 15/42 levels left

rFire    x . .     SeeInvis .   z - +7 long sword of Inflation {pain, MR+}
rCold    + . .     Gourm    .   (no shield)
rNeg     + + +     Faith    .   a - +0 robe
rPois    ∞         Spirit   .   A - +1 hat {MR+}
rElec    .         Reflect  .   h - +0 cloak {MR+}
rCorr    .         Harm     .   b - +2 pair of gloves
MR       ++++.                  c - +0 pair of boots
Stlth    ++........             g - amulet of regeneration
HPRegen  0.69/turn              B - +2 ring of evasion
MPRegen  0.23/turn              K - +1 ring of protection

@: death channel, very slightly contaminated
A: no food or potions, fire vulnerability, cold resistance 1, negative energy
resistance 3, torment resistance, unbreathing, in touch with death 1
a: Receive Corpses, Torment, Renounce Religion


You were on level 2 of the Orcish Mines.
You worshipped Kikubaaqudgha.
Kikubaaqudgha was exalted by your worship.
You were not hungry.

You visited 4 branches of the dungeon, and saw 24 of its levels.
You also visited: Sewer and Ossuary.

You collected 2409 gold pieces.

Inventory:

Hand Weapons
 z - the +7 long sword of Inflation (weapon) {pain, MR+}
   (You found it on level 8 of the Dungeon)

   In the hands of one skilled in necromantic magic, it inflicts extra damage on
   living creatures.
   It affects your resistance to hostile enchantments.
Armour
 a - a +0 robe (worn)
 b - a +2 pair of gloves (worn)
 c - a +0 pair of boots (worn)
 h - a +0 cloak of magic resistance (worn)
 A - a +1 hat of magic resistance (worn)
 L - a +0 buckler
Magical Staves
 m - an uncursed staff of summoning
 n - an uncursed staff of power
Jewellery
 g - an amulet of regeneration (around neck)
 k - a +3 ring of slaying
 u - an uncursed ring of protection from magic
 x - an uncursed ring of protection from cold
 B - a +2 ring of evasion (left hand)
 G - an uncursed ring of resist corrosion
 K - a +1 ring of protection (right hand)
Wands
 o - a wand of iceblast (10)
 r - a wand of flame (75)
 s - a wand of disintegration (40)
 w - a wand of acid (18)
 y - a wand of digging (7)
 C - a wand of polymorph (13)
 D - a wand of paralysis (8)
Scrolls
 d - 8 scrolls of identify
 e - 10 scrolls of remove curse
 i - 7 scrolls of immolation
 j - a scroll of torment {unknown}
 l - 2 scrolls of holy word {unknown}
 p - 12 scrolls of teleportation
 q - a scroll of blinking
 t - 4 scrolls of fog
 v - a scroll of vulnerability
 F - 3 scrolls of magic mapping
Miscellaneous
 H - a lamp of fire


   Skills:
 - Level 12.0 Fighting
 - Level 10.0 Long Blades
 - Level 1.5 Dodging
 - Level 1.5 Stealth
 - Level 4.0 Shields
 + Level 14.8 Spellcasting
 + Level 4.7 Conjurations
 - Level 13.7 Necromancy
 + Level 1.7 Earth Magic


You had 15 spell levels left.
You knew the following spells:

 Your Spells              Type           Power        Failure   Level  Hunger
a - Magic Dart            Conj           ####         1%          1    N/A
b - Animate Skeleton      Necr           N/A          0%          1    N/A
c - Iskenderun's Mystic   Conj/Tloc      ###.....     16%         4    N/A
d - Borgnjor's Vile Clut  Necr/Erth      ######....   4%          5    N/A
e - Death Channel         Necr           #######...   2%          6    N/A
r - Vampiric Draining     Necr           #######...   1%          3    N/A
s - Searing Ray           Conj           ####..       1%          2    N/A
w - Agony                 Necr           #######.     1%          5    N/A

Your spell library contained the following spells:

 Spells                   Type           Power        Failure   Level  Hunger
 Pain                     Necr           ####         0%          1    N/A
 Foxfire                  Conj/Fire      ###.         1%          1    N/A
 Corpse Rot               Necr/Air       N/A          1%          2    N/A
 Dispel Undead            Necr           #######.     1%          4    N/A
 Infusion                 Chrm           ##..         4%          1    N/A
 Conjure Flame            Conj/Fire      ###.....     4%          3    N/A
 Dazzling Flash           Conj/Hex       ###...       4%          3    N/A
 Shroud of Golubria       Chrm/Tloc      ##....       6%          2    N/A
 Song of Slaying          Chrm           ##......     6%          2    N/A
 Sticks to Snakes         Tmut           ##......     6%          2    N/A
 Inner Flame              Hex/Fire       ##......     13%         3    N/A
 Ozocubu's Armour         Chrm/Ice       ##......     13%         3    N/A
 Spectral Weapon          Hex/Chrm       ##......     13%         3    N/A
 Fulminant Prism          Conj/Hex       ###.......   16%         4    N/A
 Sticky Flame             Conj/Fire      ###.....     16%         4    N/A
 Simulacrum               Ice/Necr       ######....   36%         6    N/A
 Cause Fear               Hex            ##........   38%         4    N/A
 Fireball                 Conj/Fire      ###.......   41%         5    N/A
 Iskenderun's Battlesphe  Conj/Chrm      ###.....     41%         5    N/A
 Bolt of Magma            Conj/Fire/Erth ###.......   43%         5    N/A
 Infestation              Necr           #######...   69%         8    N/A
 Silence                  Hex/Air        ##........   75%         5    N/A
 Yara's Violent Unravell  Hex/Tmut       ##........   75%         5    N/A
 Iron Shot                Conj/Erth      ####......   86%         6    N/A
 Haunt                    Necr/Summ      ######....   91%         7    N/A
 Orb of Destruction       Conj           ####......   99%         7    N/A
 Deflect Missiles         Chrm/Air       ##........   100%        6    N/A
 Spellforged Servitor     Conj/Summ      ###.......   100%        7    N/A
 Discord                  Hex            ##........   100%        8    N/A
 Beastly Appendage        Tmut           Unusable     N/A         1    N/A
 Spider Form              Tmut/Pois      Unusable     N/A         3    N/A
 Ice Form                 Ice/Tmut       Unusable     N/A         4    N/A
 Borgnjor's Revivificati  Necr           Unusable     N/A         8    N/A
 Blade Hands              Tmut           Unusable     N/A         5    N/A
 Death's Door             Chrm/Necr      Unusable     N/A         8    N/A
 Necromutation            Tmut/Necr      Unusable     N/A         8    N/A

Dungeon Overview and Level Annotations

Branches:
Dungeon (15/15)            Temple (1/1) D:4            Lair (6/6) D:8
  Swamp (0/4) Lair:4        Snake (0/4) Lair:3          Orc (2/2) D:9
    Elf (0/3) Orc:2        Vaults (0/5) D:13          Sewer (visited)
Ossuary (visited)
  Slime: Lair:5-6    Depths: D:15

Altars:
Ashenzari
Cheibriados
Dithmenos
Elyvilon
Fedhas
Gozag
Hepliaklqana
Kikubaaqudgha
Makhleb
Nemelex Xobeh
Okawaru
Qazlal
Sif Muna
Trog
Uskayaw
Vehumet
Wu Jian
Xom
Yredelemnul
Zin
The Shining One
Beogh

Shops:
D:9 }   D:12 [   Orc:1 }   Orc:2 *

Annotations:
D:4 4 runed translucent doors, Crazy Yiuf; endorz's ghost, novice MiBe
D:6 Harold
D:7 3 runed translucent doors, endorz's ghost, novice GnFi
D:14 3 runed translucent doors, Azrael; Gaefyoc's ghost, journeyman KoWz
Lair:5 exclusion: 2 oklob plants


Innate Abilities, Weirdness & Mutations

You do not eat or drink.
Your flesh is vulnerable to fire.
You are immune to poison.
Your flesh is cold resistant. (rC+)
You are immune to negative energy. (rN+++)
You are immune to unholy pain and torment.
You can survive without breathing.
You are in touch with the powers of death.


Message History

The sixfirhy hits you.
* * * LOW HITPOINT WARNING * * *
The sixfirhy shocks you!
* * * LOW HITPOINT WARNING * * *
Your spectral orc warrior barely misses the ynoxinul.
Unknown command.
Blink to where?
Press: ? - help, Dir - move target cursor, p - orc priest You are very lightly contaminated with residual magic.
As you read the scroll of blinking, it crumbles to dust.
There is a stone staircase leading up here.
The sixfirhy hits you.
* * * LOW HITPOINT WARNING * * *
The sixfirhy shocks you!
* * * LOW HITPOINT WARNING * * *
The sixfirhy barely misses you. The sixfirhy hits you.
* * * LOW HITPOINT WARNING * * *
The sixfirhy shocks you!
You die...
Kikubaaqudgha rasps: "You have failed me!
Welcome... oblivion!"

#.......###......#...#
#........#......#.#...
#....##..#............
#...........).........
#..........[..........
#...#.....[[.)........
#.........[.)<........
#.......).[[)......... ####
#...3@..[[.[[......... 55.5
##..<....[[[........... .Z4.
##...#.#...[............
#3Z{######......#)..[[...........
.Z[o)))o..........([.............
..Z).............................
#####...###......................
##.####....................## #
###..#.....................#


You could see a sixfirhy.

Vanquished Creatures
  A vault guard (D:13)
  7 hydras
  3 two-headed ogres
  Sonja (Lair:1)
  2 skeletal warriors (D:13)
  A wizard (D:13)
  An orc knight (Orc:2)
  2 necromancers (D:13)
  An orc sorcerer (Orc:2)
  4 cyclopes
  10 ugly things
  A manticore (D:12)
  Maurice (D:12)
  3 black mambas
  A gargoyle (D:10)
  9 spiny frogs
  3 rime drakes
  2 efreet
  A yaktaur (D:13)
  5 komodo dragons
  9 trolls
  4 polar bears (Lair:6)
  Grinder (D:5)
  7 hornets
  A slime creature (D:14)
  7 blink frogs (Lair:6)
  7 dream sheep
  5 hippogriffs
  7 spriggans (Lair:6)
  2 wyverns
  2 basilisks
  35 yaks
  A shadow (D:11)
  13 humans (D:13)
  A fire elemental (D:14)
  A hungry ghost (D:11)
  A steam dragon (D:15)
  An acid dragon (D:12)
  9 water moccasins
  5 porcupines
  24 orc warriors
  2 sky beasts
  3 black bears
  2 ice beasts
  2 boggarts (Lair:6)
  12 wolves
  11 ogres
  3 centaurs
  4 crocodiles
  5 big kobolds
  18 bullfrogs
  A wyvern zombie (D:12)
  4 gnoll sergeants
  6 scorpions
  A wyvern skeleton (D:12)
  8 killer bees
  11 wights
  An electric eel (D:7)
  5 howler monkeys
  7 crimson imps
  A bullfrog zombie (D:13)
  5 jellies
  A quasit (D:12)
  A centaur zombie (D:10)
  5 hounds
  4 centaur skeletons
  16 orc priests
  A bullfrog skeleton (D:7)
  A gnoll shaman (D:4)
  2 iguanas (D:7)
  22 orc wizards
  14 worker ants
  8 mummies (Ossuary)
  15 gnolls
  15 adders
  A howler monkey skeleton (D:11)
  2 shadow imps
  An ooze (D:4)
  An adder skeleton (D:4)
  2 worms
  6 dart slugs
  7 leopard geckos
  94 orcs
  11 bats
  6 giant cockroaches
  2 gnoll zombies (Ossuary)
  11 goblins
  8 hobgoblins
  18 jackals
  4 quokkas
  2 ball pythons
  3 frilled lizards
  A jackal zombie (D:5)
  19 kobolds
  4 kobold zombies (Ossuary)
  2 orc zombies (Ossuary)
  6 rats
  2 fungi (Lair:2)
  A plant (Lair:6)
633 creatures vanquished.

Vanquished Creatures (collateral kills)
  Gastronok (D:9)
  4 hydras
  A catoblepas (D:13)
  A skeletal warrior (D:13)
  A wizard (D:13)
  2 ugly things
  A cyclops (D:13)
  A manticore (D:13)
  A black mamba (Lair:3)
  8 spiny frogs
  Maggie (D:9)
  2 komodo dragons
  A yaktaur (D:13)
  A polar bear (Lair:6)
  A troll (D:13)
  3 hippogriffs
  3 blink frogs (Lair:6)
  5 spriggans (Lair:6)
  4 humans (D:13)
  14 yaks
  4 water moccasins
  A porcupine (Lair:2)
  2 orc warriors
  2 ogres
  3 boggarts (Lair:6)
  9 wolves
  A crocodile (Lair:3)
  A bullfrog (Lair:5)
  A scorpion (D:13)
  2 wights (D:13)
  A crimson imp (D:9)
  5 orc priests
  An iguana (D:13)
  4 orc wizards (Orc:2)
  4 gnolls
  8 orcs
  A ball python (Lair:3)
  4 fungi
  4 plants
114 creatures vanquished.

Vanquished Creatures (others)
  A rakshasa (D:14)
  3 fungi
  2 plants
6 creatures vanquished.

Grand Total: 753 creatures vanquished

Notes
Turn   | Place    | Note
-------+----------+-------------------------------------------
     0 | D:1      | Napalmbreeze the Mummy Conjurer began the quest for the
                  | Orb.
     0 | D:1      | Reached XP level 1. HP: 13/13 MP: 4/4
   114 | D:1      | Reached skill level 3 in Spellcasting
   204 | D:1      | Reached XP level 2. HP: 10/20 MP: 0/6
   285 | D:1      | Learned a level 2 spell: Searing Ray
   660 | D:1      | Reached skill level 1 in Fighting
   836 | D:1      | Reached XP level 3. HP: 17/26 MP: 5/8
  1207 | D:1      | Learned a level 3 spell: Dazzling Flash
  1403 | D:2      | Reached skill level 4 in Spellcasting
  1705 | D:2      | Reached XP level 4. HP: 32/32 MP: 6/10
  2023 | D:2      | Learned a level 4 spell: Iskenderun's Mystic Blast
  2434 | D:3      | Reached XP level 5. HP: 38/38 MP: 3/11
  2567 | D:3      | Found a faded altar of an unknown god.
  3021 | D:4      | Reached skill level 5 in Spellcasting
  3136 | D:4      | Reached XP level 6. HP: 35/47 MP: 2/14
  3412 | D:4      | Found a runed translucent gate.
  3412 | D:4      | Found a runed translucent gate.
  3412 | D:4      | Found a runed translucent gate.
  3413 | D:4      | Found a roughly hewn altar of Beogh.
  3414 | D:4      | Noticed endorz's ghost (novice MiBe)
  3414 | D:4      | Identified the +10 plate armour of the Tundras {Dex+4}
  3414 | D:4      | Noticed an orc warrior
  3595 | D:4      | Found a sparkling altar of Nemelex Xobeh.
  3628 | D:4      | Found a staircase to the Ecumenical Temple.
  3640 | D:4      | Reached skill level 6 in Spellcasting
  3646 | Temple   | Entered the Ecumenical Temple
  4042 | Temple   | Became a worshipper of Kikubaaqudgha
  4322 | D:4      | Reached XP level 7. HP: 54/54 MP: 17/17
  4330 | D:4      | Reached skill level 7 in Spellcasting
  4969 | D:4      | Found a runed translucent door.
  4970 | D:4      | Noticed Crazy Yiuf
  4994 | D:5      | Entered Level 5 of the Dungeon
  5035 | D:5      | Noticed Grinder
  5043 | D:5      | Killed Grinder
  5043 | D:5      | Reached skill level 8 in Spellcasting
  5078 | D:5      | Found a glowing drain.
  5090 | Sewer    | Entered a sewer
  5177 | Sewer    | Reached * piety under Kikubaaqudgha
  5177 | Sewer    | Identified Kikubaaqudgha's Almanac of Stolen Souls
                  | (Kikubaaqudgha gifted it to you in a sewer)
  5177 | Sewer    | Received a gift from Kikubaaqudgha
  5188 | Sewer    | Learned a level 1 spell: Animate Skeleton
  5191 | Sewer    | Learned a level 2 spell: Corpse Rot
  5548 | D:5      | Reached skill level 1 in Necromancy
  5603 | D:5      | Reached skill level 5 in Fighting
  5635 | D:5      | Reached XP level 8. HP: 62/62 MP: 20/20
  5668 | D:5      | Got a pair of dazzling gloves
  5674 | D:5      | Identified the -2 pair of gloves of Itrupopt {+Blink Dex+4}
                  | (You found it on level 5 of the Dungeon)
  6173 | D:6      | Found a sand-covered staircase.
  6182 | Ossuary  | Entered an ossuary
  6253 | Ossuary  | Reached ** piety under Kikubaaqudgha
  7091 | D:7      | Found a runed translucent gate.
  7091 | D:7      | Found a runed translucent gate.
  7091 | D:7      | Found a runed translucent gate.
  7093 | D:7      | Noticed endorz's ghost (novice GnFi)
  7203 | D:7      | Noticed Harold
  7391 | D:7      | Reached XP level 9. HP: 46/73 MP: 16/21
  8162 | D:7      | Learned a level 3 spell: Vampiric Draining
  8188 | D:7      | Reached skill level 9 in Spellcasting
  8312 | D:8      | Reached *** piety under Kikubaaqudgha
  8312 | D:8      | Identified Kikubaaqudgha's Reference Book on Black Rituals
                  | (Kikubaaqudgha gifted it to you on level 8 of the Dungeon)
  8312 | D:8      | Received a gift from Kikubaaqudgha
  8326 | D:8      | Learned a level 5 spell: Borgnjor's Vile Clutch
  8331 | D:8      | Found a staircase to the Lair.
  8423 | D:8      | Reached skill level 5 in Necromancy
  9117 | D:8      | Got a twisted long sword
  9350 | D:8      | Reached skill level 10 in Spellcasting
  9460 | D:9      | Found Taysoq's Gadget Emporium.
  9985 | D:9      | Noticed Gastronok
 10005 | D:9      | Killed Gastronok
 10005 | D:9      | Reached XP level 10. HP: 50/80 MP: 14/24
 10044 | D:9      | Found a staircase to the Orcish Mines.
 10545 | D:9      | Noticed a three-headed hydra
 10568 | D:9      | Killed a three-headed hydra
 10568 | D:9      | Reached skill level 11 in Spellcasting
 10568 | D:9      | Reached skill level 10 in Necromancy
 10749 | D:9      | Noticed Maggie
 10764 | D:9      | Killed Maggie
 10800 | D:9      | Reached **** piety under Kikubaaqudgha
 10974 | D:9      | Identified the +7 long sword of Inflation {pain, MR+} (You
                  | found it on level 8 of the Dungeon)
 11355 | D:9      | Noticed a two-headed ogre
 12005 | D:8      | Found a staircase to the Lair.
 12638 | D:9      | Killed a two-headed ogre
 12638 | D:9      | Reached skill level 1 in Long Blades
 12638 | D:9      | Reached skill level 12 in Spellcasting
 12641 | D:9      | Reached XP level 11. HP: 65/86 MP: 6/27
 13146 | D:10     | Entered Level 10 of the Dungeon
 14462 | D:11     | Got a wavering diamond amulet
 14513 | D:11     | Noticed a purple ugly thing
 14918 | D:11     | Noticed a cyan ugly thing
 14928 | D:11     | Killed a cyan ugly thing
 15051 | D:11     | Learned a level 5 spell: Agony
 15058 | D:11     | Learned a level 6 spell: Death Channel
 15334 | D:11     | Killed a purple ugly thing
 15355 | D:11     | Noticed a cyan ugly thing
 15559 | D:11     | Killed a cyan ugly thing
 15559 | D:11     | Reached skill level 5 in Long Blades
 15684 | D:11     | Identified the amulet of Rojajuow {Spirit Str-5 Dex+5} (You
                  | found it on level 11 of the Dungeon)
 15972 | Lair:1   | Entered Level 1 of the Lair of Beasts
 15973 | Lair:1   | Noticed Sonja
 15976 | Lair:1   | Killed Sonja
 16355 | Lair:1   | Noticed a five-headed hydra
 16368 | Lair:1   | Killed a five-headed hydra
 16368 | Lair:1   | Reached XP level 12. HP: 97/97 MP: 23/28
 16614 | Lair:2   | Noticed a six-headed hydra
 16624 | Lair:2   | Killed a six-headed hydra
 16624 | Lair:2   | Reached skill level 10 in Fighting
 16657 | Lair:2   | Noticed a five-headed hydra
 16672 | Lair:2   | Killed a five-headed hydra
 16672 | Lair:2   | Reached ***** piety under Kikubaaqudgha
 16723 | Lair:2   | Noticed an eight-headed hydra
 16730 | Lair:2   | Killed an eight-headed hydra
 17557 | Lair:3   | Found a staircase to the Snake Pit.
 17586 | Lair:3   | Noticed a five-headed hydra
 17601 | Lair:3   | Killed a five-headed hydra
 19007 | Lair:4   | Noticed a four-headed hydra
 19022 | Lair:4   | Killed a five-headed hydra
 19237 | Lair:4   | Found a staircase to the Swamp.
 19942 | Lair:5   | Noticed an eight-headed hydra
 19948 | Lair:5   | Killed an eight-headed hydra
 19969 | Lair:5   | Gained mutation: You are in touch with the powers of death.
                  | [Mummy growth]
 19969 | Lair:5   | Reached XP level 13. HP: 55/108 MP: 6/29
 20626 | Lair:6   | Entered Level 6 of the Lair of Beasts
 21580 | Lair:6   | Reached skill level 10 in Long Blades
 21640 | Lair:6   | Reached ****** piety under Kikubaaqudgha
 22889 | D:12     | Reached skill level 1 in Shields
 22889 | D:12     | Reached skill level 13 in Spellcasting
 23013 | D:12     | Received a gift from Kikubaaqudgha
 23042 | D:12     | Found Fojuwy's Antique Armour Shop.
 23135 | D:12     | Noticed Maurice
 23150 | D:12     | Killed Maurice
 24534 | D:13     | Reached XP level 14. HP: 71/115 MP: 17/31
 24751 | D:13     | Found a snail-covered altar of Cheibriados.
 25198 | D:13     | Found a gate to the Vaults.
 25215 | D:13     | Reached skill level 14 in Spellcasting
 25435 | D:14     | Found a runed translucent gate.
 25435 | D:14     | Found a runed translucent gate.
 25436 | D:14     | Found a runed translucent gate.
 25453 | D:14     | Noticed Azrael
 25467 | D:15     | Entered Level 15 of the Dungeon
 26527 | D:14     | Noticed Gaefyoc's ghost (journeyman KoWz)
 26706 | Orc:1    | Entered Level 1 of the Orcish Mines
 26967 | Orc:2    | Entered Level 2 of the Orcish Mines
 26997 | Orc:2    | Reached skill level 1 in Earth Magic
 27001 | Orc:2    | Found a staircase to the Elven Halls.
 27156 | Orc:2    | Found Jaistris's General Store.
 27338 | Orc:1    | Found Jecyad's Gadget Emporium.
 27636 | Orc:2    | Slain by a sixfirhy

Levels and vault maps discovered:
D:1:      mushboom_english_gardens, layout_basic, minmay_tall_x
D:2:      layout_rooms, first_ration, minivault_14, minmay_bisected
D:3:      layout_basic, chequers_ecumenical_altar_simple_redux, st_stairs_3,
          due_unseen_surprise
D:4:      layout_layer_cave, minmay_temple_entry_sparse_star,
          biasface_ghost_orc_armoury, nemelex_dance_club_becter,
          uniq_crazy_yiuf_cottage
D:5:      layout_rooms, nicolae_overflow_hidden_temple, portal_sewer_entry_d,
          nrook_pool_corridor, minmay_misc_feat_encased, uniq_grinder
D:6:      layout_rooms, nicolae_ossuary_entry_monument
D:7:      layout_rooms, gammafunk_ghost_necromancy, nicolae_water_bricks,
          uniq_harold
D:8:      layout_loops_ring, lair_entry_dummy
D:9:      layout_cave_pods, kennysheep_orc_monster_closet_entryway,
          serial_shops, kennysheep_little_box, hangedman_ranch
          [blue_anna_fruit_fields], minmay_misc_feat_square, uniq_gastronok,
          uniq_maggie
D:10:     layout_roguey
D:11:     layout_roguey, kennysheep_big_empty_room
D:12:     layout_roguey, serial_shops, shop, uniq_maurice
D:13:     layout_cave_pools, grunt_vaults_entry_tiered, cheibriados_altar_1
D:14:     layout_basic, gammafunk_ghost_icy, nrook_mini_vaults, uniq_azrael
D:15:     grunt_enter_depths_hoard, layout_irregular_city, serial_shops,
          nicolae_shop_trees
Temple:   nicolae_temple_the_god_donut
Lair:1:   layout_hall_layers, uniq_sonja
Lair:2:   layout_roguey
Lair:3:   layout_chaotic_city, minmay_snake_entry_six_corridors
Lair:4:   layout_cave_pods, swamp_mist
Lair:5:   layout_regular_city, minmay_slime_entry_oklob_enclosed,
          beast_lair_carwin_1
Lair:6:   minmay_lair_end_enchanted_forest, layout_hall_layers,
          serial_bayou_crossing, lemuel_fruit_tree
Orc:1:    layout_caves, serial_shops, shop
Orc:2:    st_orc_mages, layout_caves, serial_shops,
          nicolae_shop_temple_entry_statues_fountains

Skill      XL: |  1  2  3  4  5  6  7  8  9 10 11 12 13 14 |
---------------+-------------------------------------------+-----
Spellcasting   | 3 4 5 6 8 10 12 13 14 | 14.8
Fighting       | 1 2 3 4 5 7 8 9 12 | 12.0
Conjurations   | 4 |  4.7
Necromancy     | 2 4 9 10 11 12 13 | 13.7
Long Blades    | 2 5 7 10 | 10.0
Shields        | 2 4 |  4.0
Earth Magic    | 1 |  1.7
Dodging        | |  1.5
Stealth        | |  1.5

Action                   |  1- 3 |  4- 6 |  7- 9 | 10-12 | 13-15 || total
-------------------------+-------+-------+-------+-------+-------++-------
Melee: Unarmed           |     2 |     2 |       |       |       ||     4
       Staff             |       |     2 |     1 |     9 |       ||    12
       Long sword        |       |       |       |   171 |   326 ||   497
 Cast: Magic Dart        |    73 |    55 |   112 |    30 |    13 ||   283
       Searing Ray       |    13 |    37 |   123 |    55 |    15 ||   243
       Corpse Rot        |       |       |     4 |     1 |       ||     5
       Dazzling Flash    |       |       |     8 |       |       ||     8
       Vampiric Draining |       |       |    20 |    45 |    22 ||    87
       Animate Skeleton  |       |       |    10 |     5 |       ||    15
       Borgnjor's Vile C |       |       |       |    55 |    76 ||   131
       Agony             |       |       |       |    10 |     9 ||    19
       Death Channel     |       |       |       |    10 |    21 ||    31
       Iskenderun's Myst |       |       |       |       |     5 ||     5
Invok: Receive Corpses   |       |       |     4 |     1 |       ||     5
       Receive Necronomi |       |       |       |       |     1 ||     1
Evoke: Wand              |       |       |       |     3 |     5 ||     8
  Use: Scroll            |       |       |    10 |     4 |    12 ||    26
 Stab: Sleeping          |       |       |       |     2 |     1 ||     3
       Distracted        |       |       |       |       |     5 ||     5
Armor: Robe              |    13 |     7 |    58 |    79 |   112 ||   269
       Acid dragon scale |       |       |       |     6 |       ||     6
Dodge: Dodged            |    36 |    36 |   163 |   189 |   276 ||   700
       Rpst.: Long sword |       |       |       |    35 |    79 ||   114

Table legend:
 A = Non-vault XP
 B = Vault XP
 C = Vault XP percentage of total XP
 D = Non-vault monster count
 E = Vault monster count
 F = Vault count percentage of total count
                 A         B        C        D         E       F
            +---------+---------+-------+---------+---------+-------
      Total |   65020 |   25021 |  27.8 |     556 |     180 |  24.5
            +---------+---------+-------+---------+---------+-------
        D:1 |      43 |      10 |  18.9 |      22 |       4 |  15.4
        D:2 |      57 |       5 |   8.1 |      17 |       3 |  15.0
        D:3 |     125 |       6 |   4.6 |      26 |       2 |   7.1
        D:4 |     555 |      10 |   1.8 |      26 |       2 |   7.1
        D:5 |     520 |     285 |  35.4 |      15 |       2 |  11.8
        D:6 |     484 |       0 |   0.0 |      18 |       0 |   0.0
        D:7 |     976 |       0 |   0.0 |      26 |       0 |   0.0
        D:8 |    1062 |      85 |   7.4 |      40 |       1 |   2.4
        D:9 |    2929 |    5121 |  63.6 |      26 |      29 |  52.7
       D:10 |    3874 |       0 |   0.0 |      50 |       0 |   0.0
       D:11 |    3830 |       0 |   0.0 |      30 |       0 |   0.0
       D:12 |    5180 |     472 |   8.4 |      41 |       1 |   2.4
       D:13 |    8535 |    6250 |  42.3 |      40 |      25 |  38.5
       D:14 |    4015 |     192 |   4.6 |      16 |       1 |   5.9
       D:15 |    4541 |       0 |   0.0 |      11 |       0 |   0.0
     Lair:1 |    2736 |     802 |  22.7 |       8 |       1 |  11.1
     Lair:2 |    4770 |       0 |   0.0 |      18 |       0 |   0.0
     Lair:3 |    2956 |    1277 |  30.2 |      13 |      10 |  43.5
     Lair:4 |    2944 |       0 |   0.0 |      12 |       0 |   0.0
     Lair:5 |    2942 |    1958 |  40.0 |      12 |       6 |  33.3
     Lair:6 |    8772 |    7031 |  44.5 |      37 |      46 |  55.4
      Orc:1 |     687 |       0 |   0.0 |      14 |       0 |   0.0
      Orc:2 |    2487 |    1335 |  34.9 |      38 |      16 |  29.6
      Sewer |       0 |      30 | 100.0 |       0 |      15 | 100.0
    Ossuary |       0 |     152 | 100.0 |       0 |      16 | 100.0
            +---------+---------+-------+---------+---------+-------
